 Dungeon Crawl Stone Soup version 0.26-a0-113-gd8a95b691d (webtiles) character file.

Game seed: 3842017593763963339

0 Gargoyl the Skirmisher (level 1, -11/19 HPs)
             Began as a Centaur Abyssal Knight on June 25, 2020.
             Was a Follower of Lugonu.
             Mangled by a large abomination (30 damage)
             ... on level 2 of the Abyss.
             The game lasted 00:00:36 (288 turns).

Gargoyl the Skirmisher (Centaur Abyssal Knight)      Turns: 288, Time: 00:00:38

Health: -11/19     AC:  4    Str: 14    XL:     1   Next: 0%
Magic:  2/2        EV:  9    Int: 11    God:    Lugonu [*.....]
Gold:   30         SH:  0    Dex:  8    Spells: 0/0 levels left

rFire    . . .     SeeInvis .   a - +1 hand axe
rCold    . . .     Faith    .   (no shield)
rNeg     . . .     Spirit   .   b - +0 leather armour
rPois    .         Reflect  .   (no helmet)
rElec    .         Harm     .   (no cloak)
rCorr    .                      (no gloves)
MR       .....                  (no barding)
Stlth    ..........             (no amulet)
HPRegen  0.00/turn              (no ring)
MPRegen  0.08/turn              (no ring)

@: non-regenerating, diseased, very quick
A: large, hooves 3, deformed body, speed 2, tough skin 3
a: Depart the Abyss, Renounce Religion


You were on level 2 of the Abyss.
You worshipped Lugonu.
Lugonu was aware of your devotion.
You were not hungry.

You visited 0 branches of the dungeon, and saw 0 of its levels.
You visited the Abyss 1 time.

You collected 30 gold pieces.

Inventory:

Hand Weapons
 a - a +1 hand axe (weapon)
Armour
 b - a +0 leather armour (worn)
Comestibles
 c - 2 rations


   Skills:
 + Level 3.0 Fighting
 + Level 1.7 Axes
 + Level 1.3 Armour
 + Level 0.6 Dodging
 + Level 2.0 Invocations


You couldn't memorise any spells.
You didn't know any spells.
Your spell library contained the following spells:

 Spells                   Type           Power        Failure   Level  Hunger
 Magic Dart               Conj           #...         41%         1    ##.....
 Blink                    Tloc           N/A          54%         2    ###....
 Call Imp                 Summ           #.......     54%         2    ###....
 Slow                     Hex            #.......     54%         2    ###....
 Conjure Flame            Conj/Fire      #.......     78%         3    ####...
 Mephitic Cloud           Conj/Pois/Air  #.......     78%         3    ####...


Dungeon Overview and Level Annotations

Branches:
Dungeon (0/15)

Altars:


Innate Abilities, Weirdness & Mutations

You have hooves in place of feet.
Armour fits poorly on your strangely shaped body.
You cover ground very quickly.
You have extremely tough skin. (AC +3)


Message History

A large abomination and a skeleton come into view.
Found a blue potion.
Found 18 bolts.
Found a corrupted altar of Lugonu.
An ancient zyme comes into view.
You feel yourself growing ill in the presence of the ancient zyme.
You see here 18 bolts.
A large abomination comes into view.
A naga, a naga mage and a salamander come into view.
The naga mage shouts!
The naga shouts!
You feel ill.
A guardian serpent comes into view.
The guardian serpent shouts!
The guardian serpent gestures with its tail.
The dire elephant skeleton blinks into view!
The ancient zyme blinks!
The naga mage blinks into view!
The large abomination blinks!
The large abomination blinks into view!
The salamander blinks into view!
The large abomination hits you!!
Ouch! That really hurt!
You die...

.#...## .#...#.#
#..#...# ###..
#..#.#.## #. ...#
#....#..##.# ... .
#....#.##..#..#..
#..#X.#.#...#. ..
#..#X@Z.#..#.#..#
#....xNN.....N...# ###
...##..#.#..§.#..N##.N#
# #..##.##..§.....#
#.#....#.#S...#§#
###.#....###...# ##
...#..#..x...# #_# #.#
#.#.####.#.Z.## #. ..#
. . ####...#


You could see a salamander, an ancient zyme, 2 large abominations, a guardian
serpent, a naga mage, a naga and a dire elephant skeleton.

Vanquished Creatures (others)
  A lurking horror (Abyss:2)
  2 starspawn tentacles (Abyss:2)
3 creatures vanquished.

Notes
Turn   | Place    | Note
-------+----------+-------------------------------------------
     0 | Abyss:1  | Gargoyl the Centaur Abyssal Knight began the quest for the
                  | Orb.
     0 | Abyss:1  | Reached XP level 1. HP: 19/19 MP: 2/2
   209 | Abyss:2  | Noticed a large abomination
   222 | Abyss:2  | Noticed a spatial vortex
   223 | Abyss:2  | Noticed a spatial vortex
   223 | Abyss:2  | Noticed a spatial vortex
   223 | Abyss:2  | Noticed a spatial vortex
   224 | Abyss:2  | Noticed a spatial vortex
   225 | Abyss:2  | Noticed a chaos spawn
   228 | Abyss:2  | Noticed a spatial vortex
   231 | Abyss:2  | Noticed a tentacled starspawn
   250 | Abyss:2  | Found a corrupted altar of Lugonu.
   265 | Abyss:2  | Noticed a rust devil
   268 | Abyss:2  | Noticed a dire elephant skeleton
   268 | Abyss:2  | Noticed a large abomination
   274 | Abyss:2  | Found a corrupted altar of Lugonu.
   276 | Abyss:2  | Noticed an ancient zyme
   277 | Abyss:2  | Noticed a large abomination
   281 | Abyss:2  | Noticed a naga mage
   281 | Abyss:2  | Noticed a naga
   281 | Abyss:2  | Noticed a salamander
   282 | Abyss:2  | Noticed a guardian serpent
   288 | Abyss:2  | Mangled by a large abomination

Illustrated notes

Levels and vault maps discovered:
Abyss:2

Action                   || total
-------------------------++-------
  Use: Potion            ||     1

Table legend:
 A = Non-vault XP
 B = Vault XP
 C = Vault XP percentage of total XP
 D = Non-vault monster count
 E = Vault monster count
 F = Vault count percentage of total count
                 A         B        C        D         E       F
            +---------+---------+-------+---------+---------+-------
      Total |       0 |       0 |   N/A |       0 |       0 |  -nan
            +---------+---------+-------+---------+---------+-------
            +---------+---------+-------+---------+---------+-------
